 Dungeon Crawl Stone Soup version 0.28-a0-819-g6ef7baa362 (console) character file.

Game seed: 1430338514794819366

5364 petzl the Covert (level 10, -2/68 HPs)
             Began as an Octopode Arcane Marksman on Nov 8, 2021.
             Was a Believer of Vehumet.
             Shot with a sling bullet by Joseph (3 damage)
             ... on level 9 of the Dungeon.
             The game lasted 01:12:29 (15594 turns).

petzl the Covert (Octopode Arcane Marksman)        Turns: 15594, Time: 01:12:29

Health: -2/68      AC:  2    Str: 12    XL:     10   Next: 65%
Magic:  29/29      EV: 14    Int: 18    God:    Vehumet [**....]
Gold:   559        SH:  0    Dex: 14    Spells: 11/22 levels left

rFire   + . .      SeeInvis .   b - +8 spear {vorpal, rElec rPois rF+ Str+3, !f =f}
rCold   . . .      Faith    .   (no shield)
rNeg    . . .      Spirit   .   d - +1 hat
rPois   +          Reflect  .   (no amulet)
rElec   +          Harm     .   i - ring of magical power
rCorr   .          Rampage  .   (no ring)
Will    .....                   (no ring)
Stlth   +++++.....              (no ring)
HPRegen 0.21/turn               (no ring)
MPRegen 0.21/turn               (no ring)
                                (no ring)
                                (no ring)

@: hasted, very quick
A: almost no armour, amphibious, 8 rings, camouflage 1, gelatinous body 1,
(nimble swimmer 1), tentacles
a: Renounce Religion


You were on level 9 of the Dungeon.
You worshipped Vehumet.
Vehumet was pleased with you.
You visited 2 branches of the dungeon, and saw 12 of its levels.

You collected 611 gold pieces.
You spent 52 gold pieces at shops.

Inventory:

Hand Weapons
 a - a +0 hand crossbow
 b - the +8 spear "Taenuam" (weapon) {vorpal, rElec rPois rF+ Str+3, !f =f}
   (You found it on level 5 of the Dungeon)

   It inflicts extra damage upon your enemies.
   Str:       It affects your strength (+3).
   rF:        It protects you from fire.
   rElec:     It insulates you from electricity.
   rPois:     It protects you from poison.
 j - a +2 shortbow of freezing
 t - a +1 dagger of holy wrath {!f =f}
 F - a +4 scimitar
 K - a +4 flail of venom
Missiles
 c - 32 bolts
 h - 2 throwing nets
 l - 14 poisoned darts
 q - 3 atropa-tipped darts
 x - 128 arrows
 y - a curare-tipped dart (quivered) {!*}
Armour
 d - a +1 hat (worn)
Jewellery
 g - an amulet of guardian spirit
 i - a ring of magical power (left tentacle)
 D - a +4 ring of protection
Wands
 n - a wand of mindburst (29)
 u - a wand of iceblast (13)
 z - a wand of digging (5)
 B - a wand of polymorph (6)
 E - a wand of paralysis (3)
 H - a wand of flame (7)
Scrolls
 e - a scroll of magic mapping
 f - 3 scrolls of teleportation
 k - 3 scrolls of amnesia
 m - a scroll of summoning {unknown}
 w - a scroll of torment
 C - a scroll of enchant armour {unknown}
 G - a scroll of fear
Potions
 o - a potion of curing
 p - 2 potions of lignification {unknown}
 r - a potion of ambrosia {unknown}
 v - 2 potions of flight {unknown}
 A - a potion of might {unknown}
 I - a potion of cancellation {unknown}
 J - 2 potions of heal wounds {unknown}


   Skills:
 + Level 5.8 Fighting
 - Level 2.0 Polearms
 - Level 4.0 Crossbows
 - Level 4.0 Dodging
 + Level 8.9 Stealth
 * Level 6.6 Spellcasting
 * Level 6.3 Conjurations
 - Level 3.0 Hexes
 - Level 4.0 Translocations
 - Level 3.0 Air Magic
 + Level 3.6 Evocations


You had 11 spell levels left.
You knew the following spells:

 Your Spells              Type           Power      Damage    Failure   Level
a - Slow                  Hex            64%        N/A       3%          1
b - Poisonous Vapours     Pois/Air       22%        N/A       9%          2
c - Shock                 Conj/Air       88%        1d8       1%          1
d - Dazzling Flash        Conj/Hex       44%        N/A       4%          3
e - Iskenderun's Mystic   Conj/Tloc      24%        2d7       13%         4

Your spell library contained the following spells:

 Spells                   Type           Power      Damage    Failure   Level
 Portal Projectile        Hex/Tloc       36%        N/A       8%          3
 Inner Flame              Hex/Fire       11%        N/A       19%         3
 Frozen Ramparts          Ice            12%        1d3       32%         3
 Cause Fear               Hex            8%         N/A       32%         4
 Ice Form                 Ice/Tmut       6%         N/A       73%         4
 Summon Ice Beast         Ice/Summ       6%         N/A       73%         4
 Starburst                Conj/Fire      8%         6d4       99%         6


Dungeon Overview and Level Annotations

Branches:
Dungeon (11/15)            Temple (1/1) D:4             Orc (0/2) D:9
   Lair: D:8-11

Altars:
Ashenzari
Cheibriados
Dithmenos
Fedhas
Hepliaklqana
Okawaru
Qazlal
Ru
Sif Muna
Uskayaw
Vehumet
Wu Jian
Xom
Yredelemnul
Zin
The Shining One

Shops:
D:4 *   D:6 (

Annotations:
D:4 Edmund
D:6 Menkaure
D:7 4 runed translucent doors, exclusions: 2 downstairs and steam dragon
D:8 Harold
D:9 exclusion: upstairs, Joseph
D:10 exclusion: downstairs


Innate Abilities, Weirdness & Mutations

You cannot wear most types of armour.
You are amphibious.
You can wear up to eight rings at the same time.
Your skin changes colour to match your surroundings (Stealth+).
Your rubbery body absorbs attacks. (AC +1, EV +1)
((You are camouflaged near water. (Stealth+)))
You have tentacles for arms and can constrict up to eight enemies at once.


Message History

Aiming: Slow (safe; 3% risk of failure)
Press: ? - help, Shift-Dir - straight line, f - Joseph
Aim: Joseph, wielding a +0 quarterstaff, wearing a +3 ring mail of willpower, quivering sling bullets and carrying a wand of charming (3) (fast, chance to affect: 10%) Joseph resists with almost no effort.
Joseph unwields a +0 quarterstaff.
Joseph wields a +0 hunting sling of flaming.
It bursts into flame!
Joseph shoots a sling bullet.
The sling bullet hits you! The sling bullet burns you.
Throw: 2 darts (curare) {!*}
Press: ? - help, Q - select action, (/) - cycle Shift-Dir - straight line, f/p - Joseph
Aim: Joseph, wielding a +0 hunting sling of flaming, wearing a +3 ring mail of willpower, quivering sling bullets and carrying a wand of charming (3) (fast, 64% to hit)
You throw a curare-tipped dart {!*}.
The curare-tipped dart {!*} hits Joseph.
Joseph is poisoned.
Joseph convulses.
Joseph seems to slow down.
Joseph is lightly wounded.
Joseph shoots a sling bullet.
The sling bullet hits you! The sling bullet burns you.
Aiming: Mindburst
Press: ? - help, Shift-Dir - straight line, f/p - Joseph
Aim: Joseph, wielding a +0 hunting sling of flaming, wearing a +3 ring mail of willpower, quivering sling bullets and carrying a wand of charming (3) (lightly wounded, fast, very poisoned, slow, chance to affect: 29%)
Okay, then.
Unknown command.
Unknown command.
Unknown command.
You feel stronger.
b - the +8 spear "Taenuam" (weapon)
{vorpal, rElec rPois rF+ Str+3, !f =f} Joseph shoots a sling bullet.
The sling bullet hits you!!
* * * LOW HITPOINT WARNING * * *
The sling bullet burns you.
* * * LOW HITPOINT WARNING * * *
Unknown command.
Unknown command.
Unknown command.
Unknown command.
You feel better.
You feel yourself speed up.
Joseph sighs, "Being a guard is usually so boring..."
Joseph shoots a sling bullet.
The sling bullet hits you!!
* * * LOW HITPOINT WARNING * * *
The sling bullet burns you.
You die...

###########################
#........................o.
#.......@.....@()....@..$..
#.#######################..
#.# #.######## #......... #
#......... @ #..####### #...
##. # #..# #..# .. #..# #..#
.. # #..# #..# .##?# #..#
#..###...F##.. #..#
#..#.######... #..#
#............# #..#
#..........###
#..############..#....####..
#....<............####......
#..##############.....####..
#..# #........### #..#
##..[......#


You could see Joseph (fast, very poisoned, slow).

Vanquished Creatures
  Psyche (D:8)
  2 trolls
  A steam dragon (D:8)
  5 orc warriors
  A black bear (D:4)
  2 sky beasts
  A swamp drake (D:9)
  A necrophage (D:3)
  A hornet zombie (D:7)
  4 ogres
  5 centaurs
  2 kobold brigands
  A phantom (D:6)
  3 bullfrogs
  2 scorpions (D:6)
  3 gnoll sergeants
  A wyvern zombie (D:4)
  A water moccasin zombie (D:5)
  A water moccasin skeleton (D:5)
  16 wights
  A centaur zombie (D:8)
  3 hounds
  8 orc priests
  5 bullfrog skeletons
  2 gnoll shamans (D:6)
  A centaur skeleton (D:6)
  5 iguanas
  4 orc wizards
  A killer bee zombie (D:8)
  A hound skeleton (D:5)
  A howler monkey zombie (D:6)
  18 gnolls
  8 adders
  A shadow imp (D:7)
  2 worms (D:2)
  A dart slug (D:1)
  37 orcs
  9 ball pythons
  9 endoplasms
  4 giant cockroaches
  4 goblins (D:1)
  5 hobgoblins
  A jackal (D:1)
  6 quokkas
  5 bats
  2 frilled lizards
  15 kobolds
  7 rats
220 creatures vanquished.

Notes
Turn   | Place    | Note
-------+----------+-------------------------------------------
     0 | D:1      | petzl the Octopode Arcane Marksman began the quest for the
                  | Orb.
     0 | D:1      | Reached XP level 1. HP: 13/13 MP: 2/2
   136 | D:1      | Reached XP level 2. HP: 18/18 MP: 3/3
   216 | D:1      | Found a faded altar of an unknown god.
   244 | D:1      | Reached skill level 1 in Stealth
   660 | D:1      | Reached XP level 3. HP: 23/23 MP: 5/5
  1710 | D:2      | Reached XP level 4. HP: 24/28 MP: 5/7
  2153 | D:3      | Reached skill level 2 in Stealth
  2182 | D:3      | Found a sacrificial altar of Ru.
  2583 | D:3      | Reached XP level 5. HP: 34/34 MP: 5/8
  2817 | D:3      | Noticed a necrophage
  2833 | D:3      | Killed a necrophage
  2834 | D:3      | Reached skill level 3 in Stealth
  2834 | D:3      | Reached XP level 6. HP: 31/40 MP: 5/10
  3088 | D:4      | Found a staircase to the Ecumenical Temple.
  3097 | Temple   | Entered the Ecumenical Temple
  3112 | Temple   | Became a worshipper of Vehumet
  3244 | D:4      | Noticed Edmund
  3312 | D:5      | Entered Level 5 of the Dungeon
  4158 | D:5      | Identified the +8 spear "Taenuam" {vorpal, rElec rPois rF+
                  | Str+3}
  4168 | D:5      | You fall into a shaft and drop 3 floors!
  4203 | D:8      | Reached skill level 1 in Evocations
  4203 | D:8      | Reached XP level 7. HP: 40/45 MP: 12/12
  4242 | D:8      | Found a hazy altar of Hepliaklqana.
  4251 | D:8      | Noticed Harold
  4352 | D:8      | Noticed a cyclops
  4436 | D:6      | Reached skill level 4 in Stealth
  4762 | D:6      | Reached skill level 5 in Stealth
  4837 | D:6      | Noticed Menkaure
  4977 | D:6      | Found Xesm's Antique Weapon Shop.
  5260 | D:5      | Reached XP level 8. HP: 46/52 MP: 14/14
  5615 | D:5      | Reached * piety under Vehumet
  5615 | D:5      | Offered knowledge of Sandblast by Vehumet.
  6228 | D:4      | Learned a level 4 spell: Iskenderun's Mystic Blast
  6240 | D:4      | Reached skill level 6 in Stealth
  6435 | D:4      | Found a glowing golden altar of the Shining One.
  6578 | D:4      | Found Yhaasih's General Store.
  6582 | D:4      | Bought a scroll of teleportation for 39 gold pieces
  6582 | D:4      | Bought a potion of degeneration for 13 gold pieces
  6648 | D:4      | Reached skill level 1 in Conjurations
  6648 | D:4      | Reached skill level 1 in Translocations
  7712 | D:6      | Reached skill level 5 in Spellcasting
  7802 | D:7      | Reached XP level 9. HP: 25/58 MP: 16/16
  8360 | D:6      | Reached skill level 7 in Stealth
  8800 | D:6      | Reached skill level 1 in Polearms
 10219 | D:6      | Offered knowledge of Shock by Vehumet.
 10222 | D:6      | Learned a level 1 spell: Shock
 10308 | D:6      | Reached ** piety under Vehumet
 10536 | D:6      | Found an iron altar of Okawaru.
 10536 | D:6      | Found a shadowy altar of Dithmenos.
 10755 | D:7      | Found a huge runed translucent gate.
 10978 | D:7      | Reached skill level 1 in Air Magic
 11197 | D:7      | Found a huge runed translucent gate.
 11197 | D:7      | Found a huge runed translucent gate.
 11198 | D:7      | Found a huge runed translucent gate.
 11199 | D:7      | Noticed a polar bear
 11199 | D:7      | Noticed a polar bear
 11200 | D:7      | Noticed a polar bear
 11200 | D:7      | Noticed a polar bear
 11200 | D:7      | Noticed a polar bear
 11272 | D:7      | Reached skill level 5 in Fighting
 12114 | D:6      | Reached skill level 8 in Stealth
 12574 | D:7      | Reached skill level 5 in Conjurations
 12724 | D:8      | Reached XP level 10. HP: 57/58 MP: 18/18
 12810 | D:8      | Noticed Psyche
 12816 | D:8      | Killed Psyche
 13121 | D:9      | You fall into a shaft and drop 2 floors!
 13146 | D:11     | Learned a level 3 spell: Dazzling Flash
 13191 | D:10     | Entered Level 10 of the Dungeon
 14139 | D:9      | Noticed Joseph
 14259 | D:9      | Noticed an angel
 14260 | D:9      | Found a glowing silver altar of Zin.
 14807 | D:9      | Found a staircase to the Orcish Mines.
 15196 | D:8      | Offered knowledge of Poisonous Vapours by Vehumet.
 15200 | D:8      | Learned a level 2 spell: Poisonous Vapours
 15594 | D:9      | HP: 1/68 [Joseph/sling bullet (19)]
 15594 | D:9      | Shot with a sling bullet by Joseph

Illustrated notes

Levels and vault maps discovered:
D:1:      evilmike_arrival_crescent, layout_loops_ring,
          dreamdust_ecumenical_altar_angels_and_demons, grunt_decor_cap,
          minmay_cupped
D:2:      layout_rooms, supply_closet_lemuel
D:3:      layout_rooms, mainiacjoe_overflow_tiny_flanked, grunt_decor_junction
D:4:      layout_basic, mainiacjoe_overflow_boulevard,
          minmay_temple_entry_poolview, serial_shops, shop,
          kennysheep_generic_room_14, uniq_edmund
D:5:      layout_layer_cave, minmay_statues_item
D:6:      kb_forest_paths, layout_basic, gammafunk_temple_overflow_pools,
          serial_shops, shop_fountains, uniq_menkaure
D:7:      lemuel_bear_cage, layout_basic
D:8:      layout_basic, trog_butcher_becter, nicolae_overflow_crystal_walls,
          uniq_gastronok, uniq_harold, uniq_psyche
D:9:      layout_long_grid, zin_angel, mainiacjoe_overflow_brackets, erik_orc_1,
          serial_glass, glass_columns_a, glass_columns_b, minmay_puff,
          uniq_joseph
D:10:     layout_gridville, nemelex_spade_bored_becter, grunt_decor_fettered
D:11:     hangedman_cross_stitches, layout_rooms, erik_lair_dragon,
          minmay_misc_feat_five, minmay_microvault
Temple:   dshaligram_water_room_temple

Skill      XL: |  1  2  3  4  5  6  7  8  9 10 |
---------------+-------------------------------+-----
Stealth        | 1 2 3 5 6 8 |  8.9
Spellcasting   | 2 3 4 5 6 |  6.6
Fighting       | 2 3 4 5 |  5.8
Dodging        | 3 4 |  4.0
Crossbows      | 3 4 |  4.0
Evocations     | 1 2 3 |  3.6
Conjurations   | 2 5 6 |  6.3
Translocations | 2 3 4 |  4.0
Polearms       | 2 |  2.0
Air Magic      | 2 3 |  3.0
Hexes          | |  3.0

Action                   |  1- 3 |  4- 6 |  7- 9 | 10-12 || total
-------------------------+-------+-------+-------+-------++-------
Melee: Spear             |     8 |     3 |   235 |    90 ||   336
       Dagger            |     7 |    49 |       |       ||    56
       Constrict         |     3 |    11 |    36 |    14 ||    64
       Tentacles         |       |     9 |    33 |    12 ||    54
 Fire: Hand crossbow     |    60 |    81 |    57 |    48 ||   246
Throw: Dart              |       |    10 |    99 |    15 ||   124
       Throwing net      |       |       |       |     1 ||     1
 Cast: Slow              |     7 |    30 |    71 |    20 ||   128
       Poisonous Vapours |       |       |       |     9 ||     9
Evoke: Wand              |       |     2 |     4 |     7 ||    13
  Use: Potion            |       |     2 |     2 |     2 ||     6
       Scroll            |       |     2 |       |     4 ||     6
 Stab: Sleeping          |     1 |     1 |     9 |     2 ||    13
       Held in net/web   |       |       |       |     1 ||     1
Armor: Skin              |       |     1 |    17 |    11 ||    29
Dodge: Dodged            |    27 |    34 |   136 |    50 ||   247

Table legend: (Time is in decaauts)
 A = Elapsed time spent in this place.
 B = Non-inter-level travel time spent in this place.
 C = Inter-level travel time spent in this place.
 D = Time resting spent in this place.
 E = Time spent auto-exploring this place.
 F = Levels seen in this place.
 G = Mean time per level.
                   A        B        C        D        E       F      G
               +--------+--------+--------+--------+--------+-----+--------+
         Total |  15708 |  15301 |    407 |   5908 |   4687 |  12 | 1309.0 |
       Dungeon |  15647 |  15251 |    396 |   5908 |   4651 |  11 | 1422.5 |
        Temple |     61 |     50 |     11 |      0 |     36 |   1 |   61.0 |
               +--------+--------+--------+--------+--------+-----+--------+

Top non-repeatable levels by time:
     D:5: 3131 daAuts
     D:6: 2878 daAuts
     D:7: 1900 daAuts
     D:4: 1562 daAuts
     D:1: 1514 daAuts
     D:9: 1325 daAuts
     D:3: 938 daAuts
     D:8: 760 daAuts
    D:10: 693 daAuts
     D:2: 652 daAuts
    D:11: 288 daAuts
  Temple: 61 daAuts
